 Dungeon Crawl Stone Soup version 0.28.0-49-g6dfe1f597d (webtiles) character file.

Game seed: 18327390637581599414

1208 greasedhog the Cruncher (level 8, -3/58 HPs)
             Began as a Formicid Fighter on May 11, 2022.
             Was an Initiate of Qazlal.
             Slain by an orc warrior
             ... wielding a +0 dire flail
              (14 damage)
             ... on level 6 of the Dungeon on May 12, 2022.
             The game lasted 00:10:16 (6983 turns).

greasedhog the Cruncher (Formicid Fighter)          Turns: 6983, Time: 00:10:17

Health: -3/58      AC: 12    Str: 23    XL:     8   Next: 73%
Magic:  8/8        EV:  7    Int:  8    God:    Qazlal [......]
Gold:   113        SH:  5    Dex: 10    Spells: 7/7 levels left

rFire   . . .      SeeInvis +   a - +0 quarterstaff
rCold   . . .      Faith    .   c - +0 buckler
rNeg    . . .      Spirit   .   q - +0 chain mail
rPois   .          Reflect  .   (helmet unavailable)
rElec   .          Harm     .   t - +0 cloak
rCorr   .          Rampage  .   e - +0 pair of gloves
Will    .....                   g - +0 pair of boots
Stlth   ..........              (no amulet)
HPRegen 0.19/turn               (no ring)
MPRegen 0.11/turn               (no ring)

@: no status effects
A: permanent stasis, dig shafts and tunnels, antennae 3, four strong arms
a: Dig, Shaft Self, Renounce Religion


You were on level 6 of the Dungeon.
You worshipped Qazlal.
Qazlal was noncommittal.
You visited 2 branches of the dungeon, and saw 7 of its levels.

You collected 183 gold pieces.
You spent 70 gold pieces at shops.

Inventory:

Hand Weapons
 a - a +0 quarterstaff (weapon)
Armour
 c - a +0 buckler (worn)
 e - a +0 pair of gloves (worn)
 g - a +0 pair of boots (worn)
 q - a +0 chain mail (worn)
 t - a +0 cloak (worn)
Jewellery
 o - an amulet of magic regeneration
 r - a ring of wizardry
Wands
 h - a wand of flame (13)
Scrolls
 d - a scroll of vulnerability
 i - a scroll of amnesia {unknown}
 p - a scroll of enchant armour {unknown}
 s - a scroll of brand weapon {unknown}
Potions
 b - a potion of heal wounds
 f - 2 potions of brilliance {unknown}
 j - a potion of curing {unknown}
 k - a potion of mutation {unknown}
 l - a potion of lignification {unknown}
 m - a potion of flight {unknown}
 n - 2 potions of resistance


   Skills:
 - Level 3.2 Fighting
 * Level 9.1 Staves
 - Level 3.2 Armour
 * Level 6.4 Shields


You had 7 spell levels left.
You didn't know any spells.
Your spell library was empty.

Dungeon Overview and Level Annotations

Branches:
Dungeon (6/15)             Temple (1/1) D:5

Altars:
Ashenzari
Fedhas
Hepliaklqana
Kikubaaqudgha
Makhleb
Nemelex Xobeh
Okawaru
Qazlal
Ru
Sif Muna
Uskayaw
Vehumet
Xom
Yredelemnul

Shops:
D:6 *?


Innate Abilities, Weirdness & Mutations

You cannot be hasted, slowed, berserked, paralysed or teleported.
You can dig through walls and to a lower floor.
You have a pair of large antennae on your head. (SInv)
Your four strong arms can wield two-handed weapons with a shield.


Message History

The hound barely misses you.
The orc wizard points at you and mumbles some strange words.
The magic dart hits you. The hound bites you but does no damage.
The hound bites you. You block the hound's attack. The hound bites you.
You block the hound's attack.
The hound stops to sniff the ground.
The hound bites you.
You sock the hound!
The hound is heavily wounded.
You block the hound's attack. The hound barely misses you.
You sock the hound!
You kill the hound!
Qazlal accepts your kill. You block the orc warrior's attack.
You hit the orc warrior but do no damage.
The orc warrior hits you but does no damage.
You hit the orc warrior but do no damage.
You block the orc warrior's attack.
You closely miss the orc warrior.
The orc warrior hits you with a +0 dire flail!
You closely miss the orc warrior.
The orc warrior hits you with a +0 dire flail!!
You closely miss the orc warrior. The orc warrior barely misses you.
You barely miss the orc warrior.
The orc warrior hits you with a +0 dire flail!
* * * LOW HITPOINT WARNING * * *
You see here a necrophage skeleton.
The orc wizard casts a spell.
The orc wizard flickers and vanishes for a moment.
The orc warrior hits you with a +0 dire flail!
* * * LOW HITPOINT WARNING * * *
Things that are here:
a +0 vorpal shortbow; 12 arrows You see here a +0 giant club.
There is an entrance to Jeruryw's General Store here.
There is an escape hatch in the ceiling here.
The orc warrior hits you with a +0 dire flail!
You die...

#)#§..#.{{..o#...
##.#≈§≈#......#.#.
#.o#≈§§#...####.##
#..#≈.≈#...# #.#
#8o#...#...# #.#
#o##._.###.# #.#
#∩##≈.≈# #.# #.#
#o###### #.# #.#
#@# #.# #.# #8#
#.# ... .#. . . #.
..


You could see an orc warrior, an orc wizard (invisible) and 2 orcs.

Vanquished Creatures
  Menkaure (D:4)
  An orc warrior (D:6)
  A necrophage (D:6)
  2 ogres
  A centaur (D:6)
  A phantom (D:4)
  A scorpion (D:5)
  A centaur zombie (D:6)
  A bullfrog zombie (D:5)
  3 hounds
  An orc priest (D:6)
  A centaur skeleton (D:6)
  An iguana (D:5)
  A bullfrog skeleton (D:3)
  An orc wizard (D:4)
  A hound zombie (D:5)
  A hound skeleton (D:5)
  4 gnolls
  4 adders
  A shadow imp (D:6)
  2 white imps
  3 ufetubi
  2 adder skeletons (D:4)
  A worm (D:3)
  4 dart slugs
  8 orcs
  3 endoplasms
  5 giant cockroaches
  8 goblins
  7 hobgoblins
  6 jackals (D:4)
  9 kobolds
  4 quokkas
  3 ball pythons
  8 bats
  3 frilled lizards
  6 rats
111 creatures vanquished.

Notes
Turn   | Place    | Note
-------+----------+-------------------------------------------
     0 | D:1      | greasedhog the Formicid Fighter began the quest for the
                  | Orb.
     0 | D:1      | Reached XP level 1. HP: 18/18 MP: 1/1
   336 | D:1      | Reached XP level 2. HP: 17/24 MP: 2/2
   560 | D:1      | Reached XP level 3. HP: 25/29 MP: 3/3
   883 | D:2      | Reached skill level 3 in Staves
  1152 | D:2      | Reached XP level 4. HP: 21/35 MP: 4/4
  1781 | D:3      | Found a faded altar of an unknown god.
  1982 | D:3      | Found a broken altar of Ashenzari.
  2015 | D:3      | Reached skill level 4 in Staves
  2015 | D:3      | Reached XP level 5. HP: 36/41 MP: 5/5
  2131 | D:3      | Found a shimmering blue altar of Sif Muna.
  2669 | D:3      | Found a shimmering altar of Xom.
  3060 | D:4      | Noticed Menkaure
  3101 | D:4      | Killed Menkaure
  3102 | D:4      | Reached skill level 5 in Staves
  3102 | D:4      | Reached skill level 5 in Shields
  3102 | D:4      | Reached XP level 6. HP: 46/47 MP: 6/6
  3610 | D:4      | Reached skill level 6 in Staves
  3610 | D:4      | Reached XP level 7. HP: 47/52 MP: 7/7
  4039 | D:5      | Entered Level 5 of the Dungeon
  4475 | D:5      | Identified the +5 whip of True Grit {speed, Dex+2}
  5085 | D:5      | Found a staircase to the Ecumenical Temple.
  5101 | D:5      | Reached skill level 7 in Staves
  5107 | Temple   | Entered the Ecumenical Temple
  5362 | Temple   | Became a worshipper of Qazlal Stormbringer
  5698 | D:5      | Found a blossoming altar of Fedhas.
  6064 | D:6      | Reached XP level 8. HP: 29/58 MP: 8/8
  6332 | D:6      | Reached skill level 8 in Staves
  6594 | D:6      | Found an iron altar of Okawaru.
  6612 | D:6      | Found Jeruryw's General Store.
  6635 | D:6      | Bought a potion of heal wounds for 70 gold pieces
  6891 | D:6      | Found Haip's Magic Scroll Boutique.
  6926 | D:6      | Reached skill level 9 in Staves
  6983 | D:6      | Slain by an orc warrior

Illustrated notes

Levels and vault maps discovered:
D:1:      minmay_arrival_diagonal_passages, layout_rooms,
          nicolae_figureground_pulse
D:2:      layout_loops_cross
D:3:      layout_loops_cross, mainiacjoe_overflow_catwalk, lemuel_tele_altar,
          mainiacjoe_overflow_brackets, serial_bayou, serial_bayou_crossing,
          serial_bayou_pond_e, serial_bayou_pond_e, serial_bayou_pond_d,
          ebering_ecumenical_altar_sacrificial,
          nicolae_concentric_dashed_squares_mild, grunt_decor_mini_mirrors
D:4:      layout_gridville, grunt_ministairs_8, uniq_menkaure
D:5:      layout_loops_ring, lemuel_doored_altar,
          minmay_temple_entry_purple_smoke, gup_sewer_entry_bowl
D:6:      layout_cave_pools, pf_just_have_faith,
          mainiacjoe_overflow_tiny_flanked, serial_co_window_serial,
          co_window_corner_a, co_window_of_opportunity_a, co_window_corner_a,
          co_window_of_opportunity_a, co_window_paths_a, co_window_broadway_a,
          co_window_unsneaky_path_c, co_window_of_opportunity_b,
          co_window_broadway_c, co_window_of_opportunity_b, co_window_cross_4,
          co_window_paths_c, glass_columns_a, glass_columns_a, glass_columns_a,
          serial_shops, nicolae_shop_advertising_works
          [nicolae_subvault_shop_adworks], nicolae_stop_n_shop_2, shop, shop,
          shop_statue, chequers_serial_rivers_small_3
Temple:   compressed_dpeg_triangle_lava_temple

Skill      XL: |  1  2  3  4  5  6  7  8 |
---------------+-------------------------+-----
Shields        | 4 5 6 |  6.4
Staves         | 3 4 5 6 7 9 |  9.1
Fighting       | |  3.2
Armour         | |  3.2

Action                   |  1- 3 |  4- 6 |  7- 9 || total
-------------------------+-------+-------+-------++-------
Melee: Quarterstaff      |    80 |   176 |   183 ||   439
  Use: Scroll            |       |     2 |     2 ||     4
       Potion            |       |     1 |       ||     1
Armor: Scale mail        |    46 |    97 |    77 ||   220
       Chain mail        |       |       |    18 ||    18
Dodge: Dodged            |    44 |    71 |    73 ||   188
Block: Buckler           |    16 |    36 |    56 ||   108
